 Dungeon Crawl Stone Soup version 0.31-a0-977-gc230f8ef24 (webtiles) character file.

Game seed: 15311664955053836458

2422 Dirtsage the Martial Artist (level 9, -1/61 HPs)
             Began as an Octopode Shapeshifter on Oct 29, 2023.
             Was an Initiate of Wu Jian.
             Slain by Joseph
             ... wielding a +2 quarterstaff of speed
              (16 damage)
             ... on level 7 of the Dungeon.
             The game lasted 00:11:02 (6335 turns).

Dirtsage the Martial Artist (Octopode Shapeshifter) Turns: 6335, Time: 00:11:03

Health: -1/61      AC:  1    Str: 13    XL:     9   Next: 48%
Magic:  9/9        EV: 18    Int: 12    God:    Wu Jian [......]
Gold:   302        SH:  0    Dex: 16    Spells: 8/8 levels left

rFire   . .          .
                       - Unarmed
rCold   . . .        w - orb {light}
rNeg    . . .        (helmet currently unavailable)
rPois   .            (no amulet)
rElec   .            k - +5 ring of evasion
rCorr   .            (no ring)
SInv    .            (no ring)
Will    .....        (no ring)
Stlth   +            (no ring)
HPRegen 0.30/turn    (no ring)
MPRegen 0.11/turn    (no ring)
                     (no ring)

%: no passive effects
@: beast-form, glowing
A: beast (slay +4), almost no armour, amphibious, 8 rings, camouflage 1,
gelatinous body 1, (nimble swimmer 1), tentacles
a: Begin Untransformation, Renounce Religion


You were on level 7 of the Dungeon.
You worshipped Wu Jian.
Wu Jian was noncommittal.
You were a hulking beast.
You visited 2 branches of the dungeon, and saw 8 of its levels.
You also visited: Sewer and Ossuary.

You collected 302 gold pieces.

Inventory:

Missiles
 s - 3 throwing nets
 C - 3 curare-tipped darts
Armour
 w - an orb of light (worn)
Magical Staves
 D - a staff of earth
Jewellery
 k - a +5 ring of evasion (left tentacle)
Talismans
 b - a beast talisman
 c - a flux talisman
 p - a flux talisman
 F - a blade talisman
Wands
 H - a wand of charming (7)
Scrolls
 d - a scroll of revelation {unknown}
 e - 3 scrolls of immolation
 f - a scroll of summoning
 i - 3 scrolls of identify
 j - a scroll of fear {unknown}
 l - a scroll of silence {unknown}
 m - a scroll of fog {unknown}
 n - 2 scrolls of acquirement
 r - 6 scrolls of teleportation {unknown}
 u - a scroll of torment {unknown}
 y - a scroll of enchant weapon {unknown}
 B - 2 scrolls of enchant armour {unknown}
 E - a scroll of noise {unknown}
Potions
 a - a potion of lignification
 g - a potion of ambrosia
 h - 4 potions of haste
 o - 2 potions of enlightenment
 q - 3 potions of curing
 t - 2 potions of degeneration {unknown}
 v - a potion of attraction {unknown}
 x - 3 potions of brilliance
 z - 3 potions of heal wounds {unknown}
 A - a potion of mutation {unknown}
 G - 2 potions of might {unknown}


   Skills:
 + Level 5.5 Fighting
 - Level 2.0 Dodging
 * Level 8.5 Unarmed Combat
 * Level 7.9 Shapeshifting


You had 8 spell levels left.
You didn't know any spells.
Your spell library was empty.

Dungeon Overview and Level Annotations

Branches:
Dungeon (7/15)             Temple (1/1) D:5           Sewer (visited)
Ossuary (visited)

Altars:
Ashenzari
Cheibriados
Dithmenos
Fedhas
Hepliaklqana
Kikubaaqudgha
Makhleb
Nemelex Xobeh
Okawaru
Qazlal
Ru
Sif Muna
Trog
Uskayaw
Vehumet
Wu Jian
Xom
Yredelemnul
Zin
The Shining One

Annotations:
D:4 3 runed translucent doors, KineticRobot's ghost, novice OpSh
D:5 2 transporters, Dirtsage's ghost, novice OpSh
D:6 2 transporters, KineticRobot's ghost, novice DsVM
D:7 Joseph


Innate Abilities, Weirdness & Mutations

You are a hulking beast.
Your limbs bulge with bestial killing power. (Slay +4)
You cannot wear most types of armour.
You are amphibious.
You can wear up to eight rings at the same time.
Your skin changes colour to match your surroundings (Stealth+).
Your rubbery body absorbs attacks. (AC +1, EV +1)
((You are camouflaged when in or above water. (Stealth+)))
You have tentacles for arms and can constrict up to eight enemies at once.


Message History

Okay, then.
Found a stone staircase leading up.
You lunge at the ice beast, in a flurry of attacks.
You bludgeon the ice beast!
The ice beast is severely wounded.
You completely miss the ice beast.
The ice beast is severely wounded.
The ice beast hits you. The ice beast freezes you!
You take 12 damage, and have 49/61 hp.
You bludgeon the ice beast!
The ice beast is almost dead.
You tentacle-slap the ice beast.
You kill the ice beast!
The Council accepts your kill.
Joseph, a Mercenary comes into view.
He is wielding a +2 quarterstaff of speed and wearing a +0 ring mail of fire resistance.
Joseph shouts!
Joseph unwields a +2 quarterstaff of speed.
Joseph wields a +3 heavy sling.
Joseph shoots a sling bullet.
The sling bullet hits you!
You hear a loud, deep croak!
You take 5 damage, and have 45/61 hp.
Joseph shoots a sling bullet.
The sling bullet hits you!
You take 14 damage, and have 31/61 hp.
MASSIVE DAMAGE!!
Found a stone staircase leading down.
Joseph shoots a sling bullet.
The sling bullet closely misses you.
Joseph shoots a sling bullet.
The sling bullet hits you!!
* * * LOW HITPOINT WARNING * * *
You hear a loud, deep croak!
You take 18 damage, and have 14/61 hp.
MASSIVE DAMAGE!!
A bullfrog comes into view.
You lunge at Joseph.
You bludgeon Joseph! You grab Joseph. You squeeze Joseph!
Joseph is moderately wounded.
You constrict Joseph.
Joseph unwields a +3 heavy sling.
Joseph wields a +2 quarterstaff of speed.
Joseph misses you.
You bludgeon Joseph! You squeeze Joseph.
Joseph is heavily wounded.
You constrict Joseph. Joseph closely misses you.
Joseph hits you with a +2 quarterstaff of speed!
You die...

### .># #F#
#@# # #.# #h#
. #.# #.#.#
#.# ##.#.# #.#
#....# #.#
#....#
#.###....###
###..........#
#............#
#.##........<#


You could see Joseph and a bullfrog.

Vanquished Creatures
  A wyvern (D:7)
  2 ice beasts
  2 black bears
  3 elf zombies
  2 kobold brigands (Sewer)
  A gnoll sergeant (D:6)
  4 scorpions
  An elf skeleton (D:4)
  A howler monkey (D:6)
  4 centaur zombies (Ossuary)
  3 human zombies
  3 hounds
  An orc priest (D:4)
  2 jellies
  4 iguanas
  A sleepcap (D:5)
  2 orc wizards (D:5)
  A human skeleton (D:4)
  5 hound zombies
  3 mummies (Ossuary)
  A howler monkey zombie (D:4)
  7 gnolls
  11 adders
  3 river rats (Sewer)
  3 shadow imps
  2 white imps
  6 ufetubi
  5 adder zombies
  A worm (D:5)
  2 dart slugs
  21 orcs
  10 ball pythons
  4 bats
  5 endoplasms
  4 giant cockroaches
  2 gnoll zombies (Ossuary)
  2 goblins
  6 hobgoblins
  14 jackals
  10 kobolds
  5 quokkas
  7 frilled lizards
  A goblin skeleton (D:5)
  8 goblin zombies
  4 hobgoblin zombies
  4 jackal zombies (Ossuary)
  A kobold skeleton (D:5)
  4 kobold zombies
  3 orc skeletons (D:5)
  2 orc zombies
  2 quokka zombies (Ossuary)
  8 rats
  2 rat zombies (Ossuary)
  A spectral hobgoblin (D:3)
217 creatures vanquished.

Notes
Turn   | Place    | Note
-------+----------+-------------------------------------------
     0 | D:1      | Dirtsage the Octopode Shapeshifter began the quest for the
                  | Orb.
     0 | D:1      | Reached XP level 1. HP: 13/13 MP: 1/1
    63 | D:1      | Reached XP level 2. HP: 16/18 MP: 2/2
   270 | D:1      | Reached XP level 3. HP: 19/23 MP: 3/3
  1210 | D:2      | Reached XP level 4. HP: 26/29 MP: 4/4
  1360 | D:2      | Reached skill level 4 in Unarmed Combat
  1606 | D:3      | Identified a scroll of acquirement
  1687 | D:3      | Reached XP level 5. HP: 23/34 MP: 5/5
  2107 | D:3      | Found a faded altar of an unknown god.
  2640 | D:4      | Noticed a black bear
  2657 | D:4      | Killed a black bear
  2658 | D:4      | Reached XP level 6. HP: 40/41 MP: 6/6
  2684 | D:4      | Reached skill level 5 in Unarmed Combat
  2725 | D:4      | Reached skill level 5 in Shapeshifting
  2725 | D:4      | Reached XP level 7. HP: 44/46 MP: 7/7
  2746 | D:4      | Found a sand-covered staircase.
  2756 | Ossuary  | Entered an ossuary
  2923 | Ossuary  | Reached skill level 6 in Unarmed Combat
  3105 | Ossuary  | Reached XP level 8. HP: 54/54 MP: 8/8
  3267 | D:4      | Found a basalt altar of Yredelemnul.
  3538 | D:4      | Found a runed translucent gate.
  3538 | D:4      | Found a runed translucent gate.
  3539 | D:4      | Found a runed translucent gate.
  3541 | D:4      | Noticed KineticRobot's ghost (novice OpSh)
  3895 | D:4      | Found a hide-covered altar of Uskayaw.
  4126 | D:5      | Entered Level 5 of the Dungeon
  4128 | D:5      | Identified the +3 trident "Fayreylo" {chaos, Fragile Will+
                  | Stlth+}
  4128 | D:5      | Identified the +0 scale mail "Kowy" {*Corrode +Blink Int+2}
  4210 | D:5      | Found a transporter.
  4246 | D:5      | Reached skill level 7 in Unarmed Combat
  4346 | D:5      | Found a glowing golden altar of the Shining One.
  4430 | D:5      | Found a glowing drain.
  4433 | Sewer    | Entered a sewer
  4915 | D:5      | Found a transporter.
  4922 | D:5      | Noticed Dirtsage's ghost (novice OpSh)
  4932 | D:5      | Reached XP level 9. HP: 15/60 MP: 9/9
  5093 | D:5      | Reached skill level 5 in Fighting
  5133 | D:5      | Found a staircase to the Ecumenical Temple.
  5144 | Temple   | Entered the Ecumenical Temple
  5161 | Temple   | Became a worshipper of the Wu Jian Council
  5491 | D:6      | Reached skill level 8 in Unarmed Combat
  5540 | D:6      | Noticed KineticRobot's ghost (novice DsVM)
  5541 | D:6      | Identified the +7 great mace of Articulation {heavy,
                  | Stlth+}
  5541 | D:6      | Identified the +1 great mace "Iliox" {heavy, rPois Int+2}
  5541 | D:6      | Noticed a two-headed ogre
  5610 | D:6      | Found a transporter.
  5707 | D:6      | Found a blossoming altar of Fedhas.
  5881 | D:6      | Found a transporter.
  6328 | D:7      | Noticed Joseph
  6335 | D:7      | Slain by Joseph

Illustrated notes

Levels and vault maps discovered:
D:1:      heliophobic_arrival_ceremonial_halls, layout_rooms
D:2:      layout_basic
D:3:      layout_basic, dreamdust_ecumenical_altar_drowned_temple
D:4:      layout_basic, nicolae_yredelemnul_corpse_copse,
          mainiacjoe_overflow_alcove_1, nicolae_ossuary_entry_catacombs,
          ebering_ghost_rock_garden
D:5:      layout_rooms, nicolae_tso_besieged_by_evil,
          minmay_temple_entry_glassed_door, gammafunk_ghost_gnarly_gnolls,
          mainiacjoe_sewer_entry_somewhere_in_here_1, minmay_splitting_lines
D:6:      layout_rooms, nicolae_overflow_crystal_walls, gammafunk_ghost_smash
D:7:      layout_loops_ring, minmay_three_doors, uniq_joseph
Temple:   nicolae_temple_superstar

Skill      XL: |  1  2  3  4  5  6  7  8  9 |
---------------+----------------------------+-----
Unarmed Combat | 4 5 6 7 8 |  8.5
Fighting       | 2 3 4 5 |  5.5
Shapeshifting  | 4 5 7 |  7.9
Dodging        | |  2.0

Action                     |  1- 3 |  4- 6 |  7- 9 || total
---------------------------+-------+-------+-------++-------
  Melee: Unarmed           |    74 |    69 |   307 ||   450
         Constrict         |    26 |    18 |    95 ||   139
         Tentacles         |    13 |    21 |    94 ||   128
         Punch             |     4 |     3 |    20 ||    27
  Throw: Throwing net      |       |     1 |       ||     1
Ability: Lunge             |       |       |     6 ||     6
    Use: Scroll            |       |     4 |     3 ||     7
   Stab: Sleeping          |     5 |     5 |     1 ||    11
 Armour: Skin              |    35 |    14 |    83 ||   132
  Dodge: Dodged            |    72 |    41 |   214 ||   327

Table legend: (Time is in decaauts)
 A = Elapsed time spent in this place.
 B = Non-inter-level travel time spent in this place.
 C = Inter-level travel time spent in this place.
 D = Time resting spent in this place.
 E = Time spent auto-exploring this place.
 F = Levels seen in this place.
 G = Mean time per level.
                   A        B        C        D        E       F      G
               +--------+--------+--------+--------+--------+-----+--------+
         Total |   6281 |   6062 |    219 |      0 |   4731 |  10 |  628.1 |
       Dungeon |   5370 |   5163 |    207 |      0 |   4117 |   7 |  767.1 |
        Temple |     30 |     18 |     12 |      0 |      0 |   1 |   30.0 |
         Sewer |    452 |    452 |      0 |      0 |    327 |   1 |  452.0 |
       Ossuary |    428 |    428 |      0 |      0 |    287 |   1 |  428.0 |
               +--------+--------+--------+--------+--------+-----+--------+

Top non-repeatable levels by time:
     D:4: 1128 daAuts
     D:3: 999 daAuts
     D:2: 975 daAuts
     D:5: 771 daAuts
     D:1: 612 daAuts
     D:6: 544 daAuts
   Sewer: 452 daAuts
 Ossuary: 428 daAuts
     D:7: 339 daAuts
  Temple: 30 daAuts
